 Dungeon Crawl Stone Soup version 0.29.0-13-gc9e81de378 (webtiles) character file.

Game seed: 13373840983774071688

15 Artool the Ducker (level 2, 0/22 HPs)
             Began as a Demonspawn Gladiator on Sept 7, 2022.
             Slain by a jackal (1 damage)
             ... on level 1 of the Dungeon.
             The game lasted 00:00:44 (597 turns).

Artool the Ducker (Demonspawn Gladiator)             Turns: 597, Time: 00:00:44

Health: 0/22       AC:  3    Str: 14    XL:     2   Next: 34%
Magic:  2/2        EV: 12    Int:  9    God:
Gold:   27         SH:  0    Dex: 14    Spells: 1/1 levels left

rFire   . . .      SeeInvis .   a - +0 flail
rCold   . . .      Faith    .   (no shield)
rNeg    . . .      Spirit   .   b - +0 leather armour
rPois   .          Reflect  .   (helmet restricted)
rElec   .          Harm     .   (no cloak)
rCorr   .          Rampage  .   (no gloves)
Will    .....                   (no boots)
Stlth   +.........              (no amulet)
HPRegen 0.07/turn               (no ring)
MPRegen 0.08/turn               (no ring)

@: no status effects
A: antennae 1
a: no special abilities


You were on level 1 of the Dungeon.
You visited 1 branch of the dungeon, and saw 1 of its levels.

You collected 27 gold pieces.

Inventory:

Hand Weapons
 a - a +0 flail (weapon)
Missiles
 d - 3 throwing nets (quivered)
 e - a javelin
Armour
 b - a +0 leather armour (worn)
 c - a +0 helmet
Scrolls
 f - a scroll of identify {unknown}
 g - a scroll of immolation {unknown}


   Skills:
 + Level 2.2 Fighting
 + Level 2.8 Maces & Flails
 - Level 2.0 Throwing
 + Level 0.6 Armour
 + Level 2.8 Dodging


You had one spell level left.
You didn't know any spells.
Your spell library was empty.

Dungeon Overview and Level Annotations

Branches:
Dungeon (1/15)

Altars:


Innate Abilities, Weirdness & Mutations

You have a pair of small antennae on your head.


Message History

You are too injured to fight recklessly!
You are too injured to fight recklessly!
You are too injured to fight recklessly!
You are too injured to fight recklessly!
You are too injured to fight recklessly!
You are too injured to fight recklessly!
You are too injured to fight recklessly!
You are too injured to fight recklessly!
You are too injured to fight recklessly!
You are too injured to fight recklessly!
You are too injured to fight recklessly!
You are too injured to fight recklessly!
You are too injured to fight recklessly!
You are too injured to fight recklessly!
You closely miss the jackal. The jackal closely misses you.
The jackal bites you but does no damage.
The jackal bites you.
The frilled lizard bites you but does no damage.
The jackal closely misses you.
The jackal bites you but does no damage. x2
You miss the jackal. Your punch misses the jackal.
The jackal bites you but does no damage.
The jackal barely misses you. The jackal closely misses you.
The frilled lizard barely misses you.
The jackal bites you but does no damage.
The jackal closely misses you. x2
You miss the jackal. The frilled lizard barely misses you.
The jackal barely misses you. The jackal closely misses you.
The jackal bites you but does no damage.
The frilled lizard closely misses you. The jackal barely misses you.
The jackal bites you.
You hit the jackal but do no damage. The jackal closely misses you.
The jackal bites you. The jackal closely misses you. The jackal bites you.
* * * LOW HITPOINT WARNING * * *
The frilled lizard bites you.
* * * LOW HITPOINT WARNING * * *
You hit the jackal.
The jackal is moderately wounded.
The jackal barely misses you. x2; The jackal bites you.
You die...

.....#.......
.....####'#.# ####...#
#.#.# ..#...# #.#..
#.#...# #.##.
#.#...#####.##.
##########...#.........>
......lh..##..######.###
......h@.?..............
......h######+....†..#..
?.....# #...#.)...#
#.#..# #...#.##### # #.#
#.....# # #. #.#.... # #
#.#####. # #.. .# #


You could see 3 jackals and a frilled lizard.

Vanquished Creatures
  An endoplasm (D:1)
  3 goblins (D:1)
  3 jackals (D:1)
  A kobold (D:1)
  A quokka (D:1)
  3 ball pythons (D:1)
  A frilled lizard (D:1)
13 creatures vanquished.

Notes
Turn   | Place    | Note
-------+----------+-------------------------------------------
     0 | D:1      | Artool the Demonspawn Gladiator began the quest for the
                  | Orb.
     0 | D:1      | Reached XP level 1. HP: 16/16 MP: 1/1
   308 | D:1      | Gained mutation: You have a pair of small antennae on your
                  | head. [demonic ancestry]
   308 | D:1      | Reached XP level 2. HP: 19/22 MP: 2/2
   596 | D:1      | HP: 1/22 [frilled lizard (3)]
   597 | D:1      | Slain by a jackal

Illustrated notes

Levels and vault maps discovered:
D:1:      erik_arrival_orb_chamber, layout_basic, minmay_3d_cube

Skill      XL: |  1  2 |
---------------+-------+-----
Throwing       | 2 |  2.0
Fighting       | |  2.2
Maces & Flails | |  2.8
Armour         | |  0.6
Dodging        | |  2.8

Action                   || total
-------------------------++-------
Melee: Flail             ||    36
Armor: Leather armour    ||    20
Dodge: Dodged            ||    51
